 Dungeon Crawl Stone Soup version 0.29.1 (webtiles) character file.

Game seed: 9606376567331128386

3113 EvilAshe the Carver (level 10, -1/65 (74) HPs)
             Began as a Human Fighter on Sept 13, 2022.
             Was a Believer of the Shining One.
             Slain by a wight
             ... wielding a +3 great sword
              (14 damage)
             ... on level 7 of the Dungeon.
             The game lasted 00:18:38 (9411 turns).

EvilAshe the Carver (Human Fighter)                 Turns: 9411, Time: 00:18:39

HP:   -1/65 (74)    AC: 15    Str: 20    XL:     10   Next: 14%
MP:   19/19         EV:  5    Int:  9    God:    the Shining One [**....]
Gold: 378           SH:  5    Dex: 13    Spells: 9/9 levels left

rFire   . . .      SeeInvis .   a - +0 long sword (venom)
rCold   . . .      Faith    .   c - +0 buckler
rNeg    + . .      Spirit   .   m - +0 plate armour
rPois   .          Reflect  .   (no helmet)
rElec   .          Harm     .   v - +0 cloak
rCorr   .          Rampage  .   (no gloves)
Will    .....                   r - +1 pair of boots
Stlth   ..........              (no amulet)
HPRegen 0.20/turn               u - ring of magical power
MPRegen 0.16/turn               (no ring)

@: mighty, glowing, heavily drained
A: no striking features
a: Renounce Religion, Divine Shield


You were on level 7 of the Dungeon.
You worshipped the Shining One.
The Shining One was pleased with you.
You visited 1 branch of the dungeon, and saw 7 of its levels.

You collected 378 gold pieces.

Inventory:

Hand Weapons
 a - a +0 long sword of venom (weapon)
Missiles
 b - 7 poisoned darts
 h - 3 boomerangs (quivered)
 q - 49 stones
Armour
 c - a +0 buckler (worn)
 l - a +0 chain mail
 m - a +0 plate armour (worn)
 r - a +1 pair of boots (worn)
 v - a +0 cloak (worn)
Jewellery
 u - a ring of magical power (left hand)
Wands
 w - a wand of quicksilver (4)
Scrolls
 e - 3 scrolls of vulnerability
 f - 4 scrolls of teleportation
 i - a scroll of blinking
 s - a scroll of amnesia
 t - a scroll of fog
 x - a scroll of identify
Potions
 g - a potion of flight
 j - a potion of brilliance {unknown}
 k - a potion of haste
 n - a potion of resistance
 p - a potion of magic


   Skills:
 + Level 5.2 Fighting
 * Level 11.5 Long Blades
 + Level 5.1 Armour
 - Level 5.0 Shields


You had 9 spell levels left.
You didn't know any spells.
Your spell library contained the following spells:

 Spells                   Type           Power      Damage    Failure   Level
 Apportation              Tloc           0%         N/A       100%        1
 Necrotise                Necr           0%         1d4       100%        1
 Summon Small Mammal      Summ           0%         N/A       100%        1
 Fireball                 Conj/Fire      0%         3d3       100%        5
 Iskenderun's Battlesphe  Conj           0%         2d6       100%        5
 Conjure Ball Lightning   Conj/Air       0%         3x3d6     100%        6
 Orb of Destruction       Conj           0%         9d5       100%        7


Dungeon Overview and Level Annotations

Branches:
Dungeon (7/15)             Temple (0/1) D:6

Altars:
Dithmenos
Elyvilon
Makhleb
Okawaru
Ru
Uskayaw
Wu Jian
Yredelemnul
Zin
The Shining One

Annotations:
D:3 1 runed translucent door, EtherCrawl's ghost, amateur HuFi


Message History

You hit the wight.
The wight is lightly damaged.
The wight hits you with a +3 great sword!
You partially resist.
You feel drained.
You hit the wight but do no damage.
The wight is lightly damaged.
The wight hits you with a +3 great sword.
You partially resist.
You feel drained.
You hit the wight but do no damage.
The wight is lightly damaged.
The wight hits you with a +3 great sword!
You partially resist.
You feel drained.
You hit the wight.
The wight is moderately damaged.
The wight hits you with a +3 great sword.
You partially resist.
You feel drained.
You hit the wight.
The wight is heavily damaged.
You barely miss the wight.
The wight is heavily damaged.
The wight hits you but does no damage.
You barely miss the wight.
The wight is heavily damaged.
The wight hits you with a +3 great sword!
* * * LOW HITPOINT WARNING * * *
You hit the wight but do no damage.
The wight is heavily damaged.
The wight hits you with a +3 great sword.
* * * LOW HITPOINT WARNING * * *
You partially resist.
You feel drained.
You feel very mighty all of a sudden.
The wight hits you with a +3 great sword.
* * * LOW HITPOINT WARNING * * *
You hit the wight.
The wight is severely damaged.
The wight barely misses you.
You barely miss the wight.
The wight is severely damaged.
The wight hits you with a +3 great sword!
You die...

...)...#♣♣.♣♣♣♣.♣♣z♣ .......# ♣.♣
♣♣♣ ..
.....÷[##########################
......[..........zl.Y§...h...{..#
......#.##...[.####...h####......
....))#......[)<..#....# #.....#
......#####..).z#)#.#### #....##
####### #....##z#.# #....##
#.....@.#.#######......
###'##.##.........####.
#.##.############ ## #....# #
###### # #


You could see a wight.

Vanquished Creatures
  A yak (D:6)
  2 water moccasins
  2 ice beasts
  A sky beast (D:7)
  2 centaurs
  3 ogres (D:5)
  A kobold brigand (D:5)
  A phantom (D:6)
  2 bullfrogs (D:6)
  3 necrophages
  6 scorpions
  3 wights
  5 killer bees
  A howler monkey (D:7)
  2 hounds (D:5)
  A jelly (D:5)
  5 orc priests
  Jessica (D:3)
  6 iguanas
  3 orc wizards
  4 gnolls
  9 adders
  3 river rats (D:5)
  6 white imps
  2 ufetubi
  6 worms
  3 dart slugs
  35 orcs
  10 ball pythons
  5 endoplasms
  3 giant cockroaches
  5 goblins
  4 hobgoblins
  7 jackals
  10 kobolds
  3 quokkas
  2 bats
  9 frilled lizards
  8 rats
185 creatures vanquished.

Vanquished Creatures (others)
  8 plants (D:7)
8 creatures vanquished.

Grand Total: 193 creatures vanquished

Notes
Turn   | Place    | Note
-------+----------+-------------------------------------------
     0 | D:1      | EvilAshe the Human Fighter began the quest for the Orb.
     0 | D:1      | Reached XP level 1. HP: 18/18 MP: 1/1
   326 | D:1      | Reached XP level 2. HP: 24/24 MP: 2/2
   482 | D:1      | You fall into a shaft and drop 1 floor!
   596 | D:2      | Reached skill level 3 in Long Blades
   596 | D:2      | Reached XP level 3. HP: 26/29 MP: 3/3
   950 | D:1      | Reached XP level 4. HP: 33/35 MP: 4/4
  1015 | D:1      | Found a faded altar of an unknown god.
  1951 | D:2      | Reached skill level 4 in Long Blades
  1951 | D:2      | Reached XP level 5. HP: 41/41 MP: 5/5
  2138 | D:3      | Found a glowing silver altar of Zin.
  2437 | D:3      | Found a runed translucent door.
  2455 | D:3      | Noticed EtherCrawl's ghost (amateur HuFi)
  2575 | D:3      | Reached XP level 6. HP: 44/47 MP: 6/6
  2605 | D:4      | Reached skill level 5 in Long Blades
  2774 | D:5      | Entered Level 5 of the Dungeon
  2805 | D:5      | Noticed an ogre
  3019 | D:3      | Noticed Jessica
  3025 | D:3      | Killed Jessica
  3317 | D:5      | Reached XP level 7. HP: 47/52 MP: 7/7
  3633 | D:3      | Found a faded altar of an unknown god.
  3633 | D:3      | Found a faded altar of an unknown god.
  3640 | D:3      | Found a basalt altar of Yredelemnul.
  3642 | D:3      | Found an iron altar of Okawaru.
  3643 | D:3      | Found a sacrificial altar of Ru.
  3707 | D:3      | Found a shadowy altar of Dithmenos.
  3922 | D:3      | Found a hide-covered altar of Uskayaw.
  4152 | D:4      | Reached skill level 6 in Long Blades
  4217 | D:4      | Found a glowing golden altar of the Shining One.
  4222 | D:4      | Became a worshipper of the Shining One
  4366 | D:5      | Reached skill level 5 in Shields
  4472 | D:5      | Noticed a water moccasin
  4489 | D:5      | Killed a water moccasin
  4490 | D:5      | Reached skill level 7 in Long Blades
  4800 | D:5      | Reached XP level 8. HP: 44/58 MP: 8/8
  5056 | D:5      | Reached skill level 8 in Long Blades
  5508 | D:5      | Reached skill level 9 in Long Blades
  6547 | D:6      | Found a staircase to the Ecumenical Temple.
  6636 | D:6      | Reached XP level 9. HP: 59/63 MP: 9/9
  6679 | D:6      | Reached skill level 10 in Long Blades
  6695 | D:6      | Reached * piety under the Shining One
  7119 | D:6      | Found a white marble altar of Elyvilon.
  7438 | D:6      | Found a burning altar of Makhleb.
  7920 | D:7      | Noticed a troll
  7938 | D:7      | Noticed an unseen horror
  8512 | D:7      | Reached skill level 11 in Long Blades
  8930 | D:6      | Reached XP level 10. HP: 50/73 MP: 10/10
  9042 | D:7      | Reached skill level 5 in Fighting
  9042 | D:7      | Reached skill level 5 in Armour
  9200 | D:7      | Found an ornate altar of the Wu Jian Council.
  9227 | D:7      | Reached ** piety under the Shining One
  9411 | D:7      | Slain by a wight

Illustrated notes

Levels and vault maps discovered:
D:1:      lightli_arrival_statue_moat, layout_loops_corners,
          basic_ecumenical_altar, minmay_misc_feat_five
D:2:      layout_rooms
D:3:      layout_basic, nicolae_uskayaw_murder_on_the_dancefloor,
          chequers_temple_overflow_minitemple, lemuel_crystal_altar,
          nicolae_dithmenos_through_a_glass_darkly,
          ebering_ghost_reflecting_pool, uniq_jessica
D:4:      layout_rooms, kennysheep_little_box
D:5:      minmay_angry_zag, layout_rooms, lightli_sewer_entry_pipes,
          serial_park_tiny_1, st_stairs_1
D:6:      layout_rooms, elyvilon_altar_1, bloody_makhleb,
          minmay_temple_entry_arrows, minmay_unpleasant_kobolds
D:7:      nzn_winding_woodlands_large [nzn_winding_woodlands_hourglass,
          nzn_winding_woodlands_5x15_lazy_stream,
          nzn_winding_woodlands_5x5_default,
          nzn_winding_woodlands_center_diamonds,
          nzn_winding_woodlands_15x15_killbox,
          nzn_winding_woodlands_center_triple_pond,
          nzn_winding_woodlands_5x5_cross, nzn_winding_woodlands_5x15_jagged,
          nzn_winding_woodlands_5x5_open_star], layout_basic,
          nicolae_overflow_squiral, gammafunk_ghost_wrathful_warriors,
          st_stairs_4

Skill      XL: |  1  2  3  4  5  6  7  8  9 10 |
---------------+-------------------------------+-----
Long Blades    | 3 4 5 7 9 11 | 11.5
Shields        | 4 5 |  5.0
Fighting       | 4 5 |  5.2
Armour         | 4 5 |  5.1

Action                   |  1- 3 |  4- 6 |  7- 9 | 10-12 || total
-------------------------+-------+-------+-------+-------++-------
Melee: Long sword        |    90 |   196 |   384 |    44 ||   714
Throw: Boomerang         |       |    14 |       |       ||    14
       Dart              |       |     5 |    11 |       ||    16
       Stone             |       |       |     3 |       ||     3
Evoke: Wand              |       |       |     2 |       ||     2
  Use: Scroll            |       |     8 |     9 |       ||    17
       Potion            |       |       |     4 |     1 ||     5
Armor: Scale mail        |    28 |       |       |       ||    28
       Chain mail        |    22 |   127 |   157 |       ||   306
       Plate armour      |       |       |    78 |    17 ||    95
Dodge: Dodged            |    31 |    66 |    96 |    11 ||   204
Block: Buckler           |    16 |    46 |    80 |     7 ||   149
